Match 46037585
Unlisted

Match 46037585
End
Construct Section Command Post
Vickers Machine Gun Team
Infantry Section
Infantry Section
Construct Field Infirmary
Vickers Machine Gun Team
Construct Field Infirmary
Grenade Package
Construct Platoon Command Post
Infantry Section
Unlock M3 Stuart Light Tanks
M3 Stuart Light Tank
6-pounder Anti-tank Gun Team
Vickers Machine Gun Team
Construct Company Command Post
Unlock Towed 17-pounder Anti-tank Guns
17-pounder Anti-tank Gun Team
Selects Canadian Shock Battlegroup
Selects Burnout
Selects Pyrotechnics
Matilda II Heavy Tank
Mertilovers
Rust44
KirelCD
Kampfstärke
Lyco
T1 Faker
0
0

Comments sign in to comment!

No comments posted yet!